 Dungeon Crawl Stone Soup version 0.30.0-19-g36f170ea60 (webtiles) character file.

Game seed: 1115616978146403777

1640 GloriousHammer the Grappler (level 8, -5/80 HPs)
             Began as a Troll Fighter on May 24, 2023.
             Slain by a hornet (13 damage)
             ... on level 6 of the Dungeon on May 28, 2023.
             The game lasted 00:10:27 (4697 turns).

GloriousHammer the Grappler (Troll Fighter)         Turns: 4697, Time: 00:10:28

Health: -5/80      AC:  7    Str: 25    XL:     8   Next: 66%
Magic:  7/7        EV:  9    Int:  6    God:
Gold:   212        SH:  9    Dex: 11    Spells: 7/7 levels left

rFire   . .          .
                       - Unarmed
rCold   . . .        b - +0 kite shield
rNeg    . . .        a - +0 robe "Jappen" {Dex+2 Stlth+}
rPois   .            w - +2 hat
rElec   .            q - +0 cloak
rCorr   +            (gloves unavailable)
SInv    .            (boots unavailable)
Will    .....        (no amulet)
Stlth   ++           R - ring of resist corrosion
HPRegen 1.13/turn    (no ring)
MPRegen 0.10/turn

%: no passive effects
@: lethally poisoned (-5 -> -7), slowed, very slow
A: large, unfitting armour, claws 3, regeneration 1, shaggy fur 1, tough skin 1
a: no special abilities


You were on level 6 of the Dungeon.
You visited 2 branches of the dungeon, and saw 7 of its levels.

You collected 320 gold pieces.
You spent 108 gold pieces at shops.

Inventory:

Missiles
 j - 3 silver javelins (quivered)
 x - 6 boomerangs
Armour
 a - the +0 robe "Jappen" (worn) {Dex+2 Stlth+}
   (You found it on level 5 of the Dungeon)

   Dex:       It affects your dexterity (+2).
   Stlth:     It makes you more stealthy.
 b - a +0 kite shield (worn)
 q - a +0 cloak (worn)
 w - a +2 hat (worn)
Jewellery
 F - a ring of fire
 R - a ring of resist corrosion (left claw)
Wands
 y - a wand of flame (12)
Scrolls
 e - 4 scrolls of teleportation
 f - 3 scrolls of identify {unknown}
 k - 2 scrolls of fear {unknown}
 l - 3 scrolls of amnesia
 n - a scroll of acquirement {unknown}
 o - a scroll of enchant weapon {unknown}
 p - 2 scrolls of magic mapping {unknown}
 s - 2 scrolls of vulnerability {unknown}
 v - 2 scrolls of poison {unknown}
 z - a scroll of enchant armour {unknown}
 B - a scroll of butterflies {unknown}
Potions
 c - 2 potions of might
 d - 6 potions of curing
 g - 2 potions of haste {unknown}
 h - 2 potions of flight {unknown}
 i - a potion of degeneration
 m - 2 potions of heal wounds {unknown}
 r - 2 potions of mutation {unknown}
 t - 2 potions of brilliance {unknown}
 u - a potion of lignification {unknown}
 A - a potion of experience {unknown}


   Skills:
 + Level 5.2 Fighting
 - Level 2.4 Dodging
 + Level 5.6 Shields
 * Level 8.1 Unarmed Combat


You had 7 spell levels left.
You didn't know any spells.
Your spell library contained the following spells:

 Spells                   Type           Power      Damage    Failure   Level
 Kiss of Death            Conj/Necr      0%         2d5       67%         1
 Confusing Touch          Hex            0%         N/A       96%         3
 Gell's Gravitas          Tloc           0%         N/A       96%         3
 Stone Arrow              Conj/Erth      0%         3d7       96%         3
 Teleport Other           Tloc           0%         N/A       96%         3
 Animate Armour           Summ/Erth      0%         N/A       100%        4
 Dispel Undead            Necr           0%         3d6       100%        4
 Dispersal                Tloc           0%         N/A       100%        6
 Lehudib's Crystal Spear  Conj/Erth      0%         10d2      100%        8


Dungeon Overview and Level Annotations

Branches:
Dungeon (6/15)             Temple (1/1) D:5

Altars:
Ashenzari
Cheibriados
Dithmenos
Elyvilon
Fedhas
Gozag
Hepliaklqana
Kikubaaqudgha
Nemelex Xobeh
Okawaru
Ru
Sif Muna
Trog
Uskayaw
Vehumet
Xom
Yredelemnul
The Shining One

Shops:
D:5 !

Annotations:
D:5 1 runed translucent door


Innate Abilities, Weirdness & Mutations

You are too large for most types of armour.
You have claws for hands.
Your natural rate of healing is unusually fast.
You are covered in fur. (AC +1)
You have tough skin. (AC +1)


Message History

A gnoll comes into view. It is wielding a +0 halberd.
You closely miss the shadow imp.
The shadow imp shouts, "Crawl home, thou twisted ditch-delivered frater!"
You block the shadow imp's attack.
You claw the shadow imp!
You kill the shadow imp!
You claw the gnoll!
You kill the gnoll!
A gnoll comes into view. It is wielding a +0 whip.
The gnoll shouts!
There is an open door, spattered with blood here.
Items here: $ )) [ †.
The gnoll completely misses you.
The gnoll shouts!
You claw the gnoll!
The gnoll is severely wounded.
The gnoll barely misses you.
You claw the gnoll!
You kill the gnoll!
Things that are here:
a +0 halberd; a murky red potion You block the gnoll's attack.
You scratch the gnoll.
The gnoll is heavily wounded.
The gnoll hits you with a +0 whip. The gnoll barely misses you.
You completely miss the gnoll. You block the gnoll's attack.
The gnoll hits you with a +0 whip.
You scratch the gnoll.
The gnoll is severely wounded.
You block the gnoll's attack. The gnoll hits you with a +0 whip.
You barely miss the gnoll.
The gnoll is severely wounded.
The gnoll hits you with a +0 whip. The gnoll hits you but does no damage.
You mangle the gnoll!!
You kill the gnoll!
The gnoll hits you with a +0 whip.
You claw the gnoll!
The gnoll is severely wounded.
You block the gnoll's attack.
You scratch the gnoll but do no damage.
The gnoll is severely wounded.
The gnoll hits you with a +0 whip.
You claw the gnoll!
You kill the gnoll!
Things that are here:
a +0 whip; a gnoll corpse
A - a murky red potion You see here a +0 halberd.
You now have 212 gold pieces (gained 12).
There is an open door, spattered with blood here.
Items here: )) [ †.
A gnoll sergeant comes into view. It is wielding a +0 spear.
A gnoll sergeant is nearby!
The gnoll sergeant shouts!
You hear a shout!
You see here a book of Armaments.
You pick up a book of Armaments and begin reading...
You add the spells Stone Arrow, Animate Armour and Lehudib's Crystal Spear to your library.
A gnoll comes into view. It is wielding a +0 flail.
A gnoll comes into view. It is wielding a +0 whip.
The gnoll sergeant closely misses you.
A gnoll comes into view. It is wielding a +0 falchion.
The gnoll sergeant hits you with a +0 spear.
You closely miss the gnoll sergeant. You block the gnoll sergeant's attack.
The gnoll shouts! x3
You claw the gnoll sergeant!
The gnoll sergeant is severely wounded.
You hear a shout!
The gnoll sergeant hits you with a +0 spear.
A gnoll comes into view. It is wielding a +0 flail.
The gnoll shouts!
You claw the gnoll sergeant!
You kill the gnoll sergeant!
Your Unarmed Combat skill increases to level 8!
The gnoll hits you with a +0 falchion.
Things that are here:
a +0 spear; a +0 ring mail; a gnoll corpse You claw the gnoll!
The gnoll is severely wounded.
The gnoll hits you with a +0 falchion.
A gnoll comes into view. It is wielding a +0 flail.
You scratch the gnoll.
You kill the gnoll!
You mangle the gnoll!!
You kill the gnoll!
You closely miss the gnoll. The gnoll hits you with a +0 flail!
The gnoll closely misses you.
Things that are here:
a +0 whip; a +0 falchion; a gnoll corpse You scratch the gnoll.
The gnoll is moderately wounded.
The gnoll hits you with a +0 flail! You block the gnoll's attack.
You claw the gnoll!
You kill the gnoll!
The gnoll hits you with a +0 flail!
You scratch the gnoll.
The gnoll is moderately wounded.
The gnoll hits you with a +0 flail. x2
You completely miss the gnoll.
The gnoll is moderately wounded.
You block the gnoll's attack. x2
You claw the gnoll!
You kill the gnoll!
The gnoll hits you with a +0 flail.
You claw the gnoll!
The gnoll is severely wounded.
You block the gnoll's attack.
You claw the gnoll!
You kill the gnoll!
k - 2 scrolls labelled RYCOUHUITS (gained 1)
Things that are here:
a +0 flail; a +0 flail; a gnoll corpse
Found a spear.
f - 2 scrolls labelled CYSUHIUKYL (gained 1)
Found 2 stones.
Found 5 stones.
Found a stone staircase leading down.
Found a sling.
f - 3 scrolls labelled CYSUHIUKYL (gained 1)
l - 3 scrolls of amnesia (gained 1);
B - a scroll labelled XIEDAI HYSIOT
There is a stone staircase leading down here.
A hornet comes into view.
A hornet is nearby!
A hornet is nearby!
Aiming: Throw Flame
Press: ? - help, Shift-Dir - straight line, f - hornet
Aim: a hornet (asleep, 100% to hit)
The puff of flame hits the hornet.
The hornet is lightly wounded.
The hornet buzzes angrily.
Aiming: Throw Flame
Press: ? - help, Shift-Dir - straight line, f/p - hornet
Aim: a hornet (lightly wounded, 52% to hit)
The puff of flame hits the hornet but does no damage.
The hornet is lightly wounded.
Aiming: Throw Flame
Press: ? - help, Shift-Dir - straight line, f/p - hornet
Aim: a hornet (52% to hit)
The puff of flame hits the hornet.
The hornet is lightly wounded.
Aiming: Throw Flame
Press: ? - help, Shift-Dir - straight line, f/p - hornet
Aim: a hornet (lightly wounded, 52% to hit)
The puff of flame hits the hornet.
The hornet is moderately wounded.
You barely miss the hornet.
The hornet is moderately wounded.
The hornet stings you!
You are poisoned.
You feel yourself slow down. The hornet closely misses you.
You closely miss the hornet.
The hornet is moderately wounded.
You feel yourself speed up.
You feel very sick. You block the hornet's attack. The hornet stings you!
You are more poisoned.
You feel yourself slow down.
You claw the hornet!
The hornet is heavily wounded.
You feel yourself speed up.
You feel extremely sick. You block the hornet's attack. The hornet stings you!
You are more poisoned.
You feel yourself slow down.
You scratch the hornet.
The hornet is heavily wounded.
You feel yourself speed up.
You feel extremely sick.
The hornet stings you but does no damage.
The hornet stings you!
* * * LOW HITPOINT WARNING * * *
You are more poisoned.
You feel yourself slow down. The hornet stings you.
* * * LOW HITPOINT WARNING * * *
You feel as though you will be slow longer.
You feel better. The hornet barely misses you.
The hornet stings you but does no damage.
You miss the hornet.
The hornet is heavily wounded.
The hornet stings you!
* * * LOW HITPOINT WARNING * * *
You feel as though you will be slow longer.
The hornet stings you but does no damage.
Unknown command.
You closely miss the hornet.
The hornet is heavily wounded.
The hornet stings you.
* * * LOW HITPOINT WARNING * * *
You are poisoned.
You feel as though you will be slow longer.
The hornet completely misses you.
Unknown command.
You closely miss the hornet.
The hornet is heavily wounded.
You feel very sick. The hornet stings you!
* * * LOW HITPOINT WARNING * * *
You feel as though you will be slow longer.
The hornet stings you!
You die...

#^##.................#
#....##.#............#
#######.........(...##
#...............
#>............##
#.#......(...##
#.#..........#
#.#....).....#
#.@..........#
###y.........
#......... .......
....... .......
....... ##....#


You could see a hornet.

Vanquished Creatures
  The ghost of KittyFluff the Cudgeller, an amateur GrBe of Trog (D:5)
  A water moccasin (D:5)
  2 black bears (D:5)
  2 ogres
  A phantom (D:5)
  A bullfrog (D:5)
  A gnoll sergeant (D:6)
  A howler monkey (D:5)
  3 hounds
  Crazy Yiuf (D:2)
  An iguana (D:5)
  A jelly (D:5)
  A gnoll bouda (D:6)
  Ijyb (D:5)
  4 orc wizards
  Robin (D:2)
  21 gnolls
  8 adders
  A river rat (D:5)
  A shadow imp (D:6)
  A white imp (D:4)
  5 worms
  A dart slug (D:3)
  15 orcs
  8 ball pythons
  10 bats
  8 endoplasms
  5 giant cockroaches
  19 goblins
  11 hobgoblins
  4 jackals
  3 kobolds
  3 quokkas
  6 frilled lizards
  5 rats
158 creatures vanquished.

Notes
Turn   | Place    | Note
-------+----------+-------------------------------------------
     0 | D:1      | GloriousHammer the Troll Fighter began the quest for the
                  | Orb.
     0 | D:1      | Reached XP level 1. HP: 22/22 MP: 0/0
   189 | D:1      | Reached XP level 2. HP: 29/29 MP: 1/1
   718 | D:2      | Reached XP level 3. HP: 36/36 MP: 2/2
   761 | D:2      | Noticed Robin
   768 | D:2      | Reached skill level 3 in Unarmed Combat
   792 | D:2      | Killed Robin
   956 | D:2      | Reached XP level 4. HP: 44/44 MP: 3/3
  1316 | D:2      | Found a runed translucent door.
  1317 | D:2      | Noticed Crazy Yiuf
  1458 | D:2      | Killed Crazy Yiuf
  1584 | D:3      | Upgraded the game from 0.30.0-18-gc0e69614cb to
                  | 0.30.0-19-g36f170ea60
  1613 | D:3      | Found a faded altar of an unknown god.
  1626 | D:3      | Reached XP level 5. HP: 46/53 MP: 4/4
  1641 | D:3      | Reached skill level 4 in Unarmed Combat
  1831 | D:3      | Found a snail-covered altar of Cheibriados.
  1834 | D:3      | Found a hide-covered altar of Uskayaw.
  1834 | D:3      | Found a shimmering blue altar of Sif Muna.
  1837 | D:3      | Found a white marble altar of Elyvilon.
  1840 | D:3      | Noticed an ogre
  1848 | D:3      | Killed an ogre
  1849 | D:3      | Reached XP level 6. HP: 42/61 MP: 5/5
  2564 | D:4      | Reached skill level 5 in Unarmed Combat
  3299 | D:5      | Entered Level 5 of the Dungeon
  3324 | D:5      | Found Deoxke's Distillery.
  3332 | D:5      | Identified the +0 robe "Jappen" {Dex+2 Stlth+}
  3338 | D:5      | Bought a potion of degeneration for 12 gold pieces
  3338 | D:5      | Bought a potion of curing for 36 gold pieces
  3338 | D:5      | Bought a potion of berserk rage for 60 gold pieces
  3386 | D:5      | Reached XP level 7. HP: 70/70 MP: 6/6
  3428 | D:5      | Found a runed translucent door.
  3428 | D:5      | Noticed KittyFluff's ghost (amateur GrBe)
  3440 | D:5      | Killed KittyFluff's ghost
  3441 | D:5      | Reached skill level 6 in Unarmed Combat
  3477 | D:5      | Found a runed translucent door.
  3665 | D:5      | Found a staircase to the Ecumenical Temple.
  3689 | Temple   | Entered the Ecumenical Temple
  3943 | D:5      | Reached XP level 8. HP: 79/79 MP: 7/7
  3956 | D:5      | Reached skill level 5 in Shields
  4015 | D:5      | Noticed Ijyb
  4021 | D:5      | Killed Ijyb
  4022 | D:5      | Reached skill level 7 in Unarmed Combat
  4436 | D:6      | Reached skill level 5 in Fighting
  4585 | D:6      | Reached skill level 8 in Unarmed Combat
  4685 | D:6      | Noticed a hornet
  4697 | D:6      | Slain by a hornet

Illustrated notes

Levels and vault maps discovered:
D:1:      dpeg_arrival_tiny_k, layout_loops_ring,
          chequers_serial_rivers_large_a, minmay_misc_feat_columns
D:2:      layout_basic, minmay_pentomino_u4, uniq_crazy_yiuf_cottage, uniq_robin
D:3:      layout_basic, chequers_temple_overflow_statue_of_worship,
          nicolae_ecumenical_snake_handling, kennysheep_big_empty_room,
          reono_crystal_passage, chequers_big_river, kennysheep_another_room
D:4:      cheibrodos_old_hovel, layout_cave_pods
D:5:      wad_crossroads, layout_basic, minmay_temple_entry_overgrown,
          serial_shops, shop, ebering_ghost_sewer_f, uniq_ijyb
D:6:      layout_basic, nicolae_wooded_promenade
Temple:   nicolae_temple_bog_church

Skill      XL: |  1  2  3  4  5  6  7  8 |
---------------+-------------------------+-----
Shields        | 3 4 5 |  5.6
Unarmed Combat | 3 4 5 6 8 |  8.1
Fighting       | 3 4 5 |  5.2
Dodging        | |  2.4

Action                     |  1- 3 |  4- 6 |  7- 9 || total
---------------------------+-------+-------+-------++-------
  Melee: Unarmed           |   110 |   168 |   159 ||   437
  Evoke: Wand              |       |       |     4 ||     4
    Use: Potion            |       |       |     2 ||     2
         Scroll            |       |       |     2 ||     2
   Stab: Sleeping          |       |       |     4 ||     4
 Armour: Robe              |    35 |    45 |    43 ||   123
  Dodge: Dodged            |    31 |    76 |    44 ||   151
  Block: Kite shield       |    34 |    60 |    63 ||   157
